 Dungeon Crawl Stone Soup version 0.31-a0-564-g3b7de120b3 (webtiles) character file.

Game seed: 15227809220390385778

19 heikuro the Shield-Bearer (level 2, -4/24 HPs)
             Began as a Formicid Fighter on Aug 18, 2023.
             Slain by Sigmund
             ... wielding a +0 heavy scythe
              (14 damage)
             ... on level 2 of the Dungeon.
             The game lasted 00:01:25 (522 turns).

heikuro the Shield-Bearer (Formicid Fighter)         Turns: 522, Time: 00:01:26

Health: -4/24      AC:  6    Str: 20    XL:     2   Next: 95%
Magic:  2/2        EV:  8    Int:  7    God:
Gold:   35         SH:  9    Dex: 13    Spells: 1/1 levels left

rFire   . . .        a - +0 war axe
rCold   . . .        l - +0 kite shield
rNeg    . . .        b - +0 scale mail
rPois   .            (helmet unavailable)
rElec   .            (no cloak)
rCorr   .            (no gloves)
SInv    +            (no boots)
Will    .....        (no amulet) Stlth
                     (no ring)
HPRegen 0.24/turn    (no ring)
MPRegen 0.08/turn

%: no passive effects
@: no status effects
A: permanent stasis, dig shafts and tunnels, antennae 3, four strong arms
a: Dig, Shaft Self


You were on level 2 of the Dungeon.
You visited 1 branch of the dungeon, and saw 2 of its levels.

You collected 35 gold pieces.

Inventory:

Hand Weapons
 a - a +0 war axe (weapon)
 c - a +2 dagger of draining
Missiles
 m - 6 poisoned darts
Armour
 b - a +0 scale mail (worn)
 l - a +0 kite shield (worn)
Scrolls
 e - a scroll of enchant weapon {unknown}
 g - 2 scrolls of teleportation {unknown}
 h - a scroll of identify {unknown}
 i - a scroll of blinking {unknown}
Potions
 d - a potion of might
 f - a potion of heal wounds {unknown}
 j - a potion of resistance {unknown}
 k - a potion of ambrosia {unknown}


   Skills:
 + Level 3.5 Fighting
 * Level 2.5 Axes
 + Level 3.5 Armour
 + Level 4.3 Shields


You had one spell level left.
You didn't know any spells.
Your spell library was empty.

Dungeon Overview and Level Annotations

Branches:
Dungeon (2/15)

Altars:

Shops:
D:1 *

Annotations:
D:2 Sigmund


Innate Abilities, Weirdness & Mutations

You cannot be hasted, slowed, berserked, paralysed or teleported.
You can dig through walls and to a lower floor.
You have a pair of large antennae on your head. (SInv)
Your four strong arms can wield two-handed weapons with a shield.


Message History

You climb downwards.
Sigmund shouts!
You hear a shout!
Found a scroll labelled SOKKOU FOEWE.
There is a stone staircase leading up here.
You hit Sigmund.
Sigmund is lightly wounded.
Sigmund hits you but does no damage.
A goblin comes into view. It is wielding a +0 club.
You closely miss Sigmund.
Sigmund is lightly wounded.
You slash the rat!
You kill the rat!
You completely miss Sigmund.
Sigmund is lightly wounded.
You block Sigmund's attack.
You closely miss Sigmund.
Sigmund is lightly wounded.
Sigmund points at you and mumbles some strange words.
The magic dart hits you! The goblin barely misses you.
You hit Sigmund but do no damage.
Sigmund is lightly wounded.
You closely miss the goblin. You block Sigmund's attack.
The goblin hits you but does no damage.
You closely miss Sigmund.
Sigmund is lightly wounded.
You hit the goblin. The goblin hits you but does no damage.
Sigmund hits you with a +0 heavy scythe.
You block the goblin's attack.
You are too injured to fight recklessly!
You are too injured to fight recklessly!
You are too injured to fight recklessly!
You slash Sigmund!
Sigmund is severely wounded.
You slash the goblin!
You kill the goblin!
You barely miss Sigmund.
Sigmund is severely wounded.
Sigmund hits you with a +0 heavy scythe!
Ouch! That really hurt!
You die...

#. .. ,.. #.
# #. #
.##.##. .##
......)##...#
.......@..#
######@###..#
#. # #? #. #.
##


You could see Sigmund.

Vanquished Creatures
  A dart slug (D:1)
  A bat (D:1)
  An endoplasm (D:1)
  A giant cockroach (D:1)
  3 goblins
  A hobgoblin (D:1)
  3 ball pythons (D:1)
  3 kobolds (D:1)
  A rat (D:2)
15 creatures vanquished.

Notes
Turn   | Place    | Note
-------+----------+-------------------------------------------
     0 | D:1      | heikuro the Formicid Fighter began the quest for the Orb.
     0 | D:1      | Reached XP level 1. HP: 18/18 MP: 1/1
   195 | D:1      | Reached XP level 2. HP: 24/24 MP: 2/2
   349 | D:1      | Found Tieppol's General Store.
   514 | D:2      | Noticed Sigmund
   522 | D:2      | Slain by Sigmund

Illustrated notes

Levels and vault maps discovered:
D:1:      dpeg_arrival_brainrot, layout_basic, serial_shops,
          nicolae_shop_competitors_out_of_business, minivault_24,
          minmay_octomino_j4
D:2:      layout_loops_ring, basic_altar,
          shapermc_ecumenical_altar_mp_highgroup, corexii_leaking_fountain,
          uniq_sigmund

Action                     || total
---------------------------++-------
  Melee: War axe           ||    43
 Armour: Scale mail        ||    25
  Dodge: Dodged            ||    16
  Block: Buckler           ||     6
         Kite shield       ||    10

Table legend: (Time is in decaauts)
 A = Elapsed time spent in this place.
 B = Non-inter-level travel time spent in this place.
 C = Inter-level travel time spent in this place.
 D = Time resting spent in this place.
 E = Time spent auto-exploring this place.
 F = Levels seen in this place.
 G = Mean time per level.
                   A        B        C        D        E       F      G
               +--------+--------+--------+--------+--------+-----+--------+
         Total |    541 |    523 |     18 |      0 |    367 |   2 |  270.5 |
       Dungeon |    541 |    523 |     18 |      0 |    367 |   2 |  270.5 |
               +--------+--------+--------+--------+--------+-----+--------+

Top non-repeatable levels by time:
     D:1: 530 daAuts
     D:2: 11 daAuts
